 Dungeon Crawl Stone Soup version 0.18-b1-22-ge198996 (webtiles) character file.

703 oplop the Magician (level 7, -2/50 HPs)
             Began as a White Draconian Fire Elementalist on May 3, 2016.
             Killed from afar by an orc wizard (5 damage)
             ... with a magic dart
             ... on level 6 of the Dungeon.
             The game lasted 00:10:50 (3422 turns).

oplop the Magician (DrFE)                           Turns: 3422, Time: 00:10:51

Health: -2/50      AC:  6    Str: 11    XL:     7   Next: 39%
Magic:  12/14      EV: 12    Int: 17    God:
Gold:   260        SH:  0    Dex: 11    Spells: 2 memorised, 11 levels left

rFire  + . .     SeeInvis .     v - +2 whip (flame)
rCold  + + .     Gourm    .     (armour unavailable)
rNeg   . . .     Faith    .     (no shield)
rPois  +         Spirit   .     (helmet restricted)
rElec  +         Dismiss  +     (no cloak)
rCorr  +         Reflect  .     (no gloves)
SustAt .         Harm     .     (no boots)
MR     .....                    g - amulet of dismissal
Stlth  ++........               (no ring)
                                (no ring)

@: resistant, not resistant to hostile enchantments, unstealthy
A: breathe frost, unfitting armour, cold resistance 1, cold-blooded, AC +6
a: Breathe Frost


You were on level 6 of the Dungeon.
You were hungry.

You visited 1 branch of the dungeon, and saw 6 of its levels.

You collected 260 gold pieces.

Inventory:

Hand Weapons
 v - a +2 whip of flaming (weapon)
Missiles
 c - 137 stones (quivered)
Jewellery
 g - an amulet of dismissal (around neck)
Wands
 w - a wand of confusion (39/48)
 y - a wand of paralysis (13/24)
Scrolls
 f - 3 scrolls of remove curse
 i - 2 scrolls of fog
 n - 5 scrolls of identify
Potions
 e - a potion of curing {unknown}
 k - a potion of degeneration {unknown}
 o - a potion of haste {unknown}
 p - 2 potions of might {unknown}
 r - 2 potions of resistance
 s - 2 potions of mutation {unknown}
 u - 2 potions of berserk rage {unknown}
Books
 a - a book of Flames

   Spells                             Type                      Level
   a - Flame Tongue                   Conjuration/Fire             1
   b - Throw Flame                    Conjuration/Fire             2
   c - Conjure Flame                  Conjuration/Fire             3
   d - Inner Flame                    Hexes/Fire                   3
   e - Sticky Flame                   Conjuration/Fire             4
   f - Fireball                       Conjuration/Fire             5
Comestibles
 b - 5 bread rations
 d - 4 meat rations
 h - a royal jelly
 m - 6 fruits
 x - a beef jerky


   Skills:
 - Level 1.7 Dodging
 - Level 1.7 Stealth
 + Level 4.8 Spellcasting
 + Level 4.8 Conjurations
 - Level 4.3 Fire Magic


You had 11 spell levels left.
You knew the following spells:

 Your Spells              Type           Power        Failure   Level  Hunger
a - Flame Tongue          Conj/Fire      ###..        2%          1    None
b - Conjure Flame         Conj/Fire      ###.....     10%         3    ###....


Dungeon Overview and Level Annotations

Branches:
Dungeon (7/15)
 Temple: D:4-7

Altars:
Zin

Annotations:
D:1 exclusion: gnoll
D:6 feelmyfire's ghost, novice MiFi


Innate Abilities, Weirdness & Mutations

You can breathe waves of freezing cold.
You can buffet flying creatures when you breathe cold.
Your icy white scales are hard (AC +6).
Your body does not fit into most forms of armour.
Your flesh is cold resistant.
You are cold-blooded and may be slowed by cold attacks.


Message History

The orc priest moves out of view.
The sky beast flickers out of sight!
Deactivating autopickup; reactivate with Ctrl-A.
An orc wizard and a wight come into view.
The orc priest shouts!
The orc wizard shouts!
The wight moves out of view.
The orc wizard gestures wildly while chanting.
The orc wizard seems to speed up.
Feelmyfire's ghost shrieks, "What do you have that I didn't have?"
A sky beast appears from thin air!
Reactivating autopickup.
A wight comes into view.
It is wielding an enchanted great sword.
The orc priest mumbles some strange prayers to Beogh against you.
Beogh smites you!
* * * LOW HITPOINT WARNING * * *
Drink which item? (? for menu, Esc to quit)
It was a potion of resistance.
You feel protected. The orc wizard casts a spell at you.
The magic dart hits you!
You die...

z. ...'........# zo
..#........# #.
#.###.###.##
#####z###.###†#####
.....o..........#
....o...........#
.......ZoY......#
.......W........#
.......@K.......#
#################


You could see a sky beast, a big kobold, 2 wights, 2 orc priests, 2 orc wizards,
feelmyfire's ghost and a giant frog skeleton.

Vanquished Creatures
  Pikel (D:7)
  Blork the orc (D:6)
  A giant frog zombie (D:7)
  A giant frog skeleton (D:6)
  2 adders (D:3)
  An ooze (D:1)
  3 worms
  A dart slug (D:1)
  3 giant geckos
  8 orcs
  7 giant cockroaches
  6 hobgoblins
  8 jackals
  A quokka (D:3)
  2 ball pythons
  6 bats
  4 giant newts
  3 goblins
  8 kobolds
  7 rats
74 creatures vanquished.

Vanquished Creatures (others)
  3 slaves (D:7)
  An ice beast (D:7)
  An orc priest (D:7)
5 creatures vanquished.

Grand Total: 79 creatures vanquished

Notes
Turn   | Place    | Note
--------------------------------------------------------------
     0 | D:1      | oplop the Draconian Fire Elementalist began the quest for the Orb.
     0 | D:1      | Reached XP level 1. HP: 14/14 MP: 3/3
   295 | D:1      | Reached XP level 2. HP: 19/20 MP: 1/5
   991 | D:2      | Reached XP level 3. HP: 20/26 MP: 0/6
  1222 | D:2      | Learned a level 3 spell: Conjure Flame
  1241 | D:2      | HP: 1/26 [giant gecko (3)]
  1826 | D:3      | Found a glowing silver altar of Zin.
  1903 | D:3      | Reached XP level 4. HP: 22/33 MP: 6/8
  2795 | D:4      | Noticed a phantom
  2937 | D:4      | You fall through a shaft for 3 floors!
  2950 | D:7      | Noticed an ice beast
  2952 | D:7      | Noticed a big kobold
  2979 | D:7      | Noticed a slave
  2979 | D:7      | Noticed a slave
  2980 | D:7      | Noticed Pikel
  2980 | D:7      | Noticed a slave
  2981 | D:7      | Noticed a slave
  3005 | D:6      | Noticed an ice beast
  3031 | D:6      | Noticed a centaur
  3175 | D:6      | Noticed an ogre
  3244 | D:7      | Killed Pikel
  3244 | D:7      | Reached skill level 5 in Fire Magic
  3244 | D:7      | Reached XP level 5. HP: 14/38 MP: 0/11
  3244 | D:7      | Reached XP level 6. HP: 17/45 MP: 0/12
  3244 | D:7      | Your scales start taking on an icy white colour.
  3244 | D:7      | Reached XP level 7. HP: 19/50 MP: 0/13
  3244 | D:7      | Gained mutation: Your flesh is cold resistant. [White Draconian growth]
  3292 | D:7      | Noticed an orc warrior
  3292 | D:7      | Killed a freed slave
  3342 | D:6      | Noticed Blork the orc
  3359 | D:6      | Killed Blork the orc
  3417 | D:6      | Noticed feelmyfire's ghost (novice MiFi)
  3422 | D:6      | Killed from afar by an orc wizard

Skill      XL: |  1  2  3  4  5  6 |
---------------+-------------------+-----
Conjurations   | 2 4 |  4.8
Spellcasting   | 4 |  4.8
Fire Magic     | 5 4 |  4.3
Dodging        | |  1.7
Stealth        | |  1.7

Action                   |  1- 3 |  4- 6 |  7- 9 || total
-------------------------+-------+-------+-------++-------
Melee: Unarmed           |    10 |    40 |     6 ||    56
       Dagger            |    94 |    13 |       ||   107
       Tailslap          |    17 |     4 |     2 ||    23
       Trident           |       |    11 |       ||    11
       Whip              |       |       |     7 ||     7
Throw: Stone             |     2 |       |       ||     2
 Cast: Flame Tongue      |    68 |    66 |    11 ||   145
       Conjure Flame     |       |     4 |       ||     4
Evoke: Wand              |       |     1 |     9 ||    10
  Use: Scroll            |       |    12 |     4 ||    16
       Potion            |       |       |     1 ||     1
 Stab: Sleeping          |     1 |       |       ||     1
  Eat: Chunk             |     3 |     4 |       ||     7
       Beef jerky        |       |     1 |       ||     1
Armor: Skin              |    39 |    42 |    12 ||    93
Dodge: Dodged            |    91 |    96 |    22 ||   209
